 Dungeon Crawl Stone Soup version 0.24.0-2-g5b39cebb1c (webtiles) character file.

Game seed: 4336311808909985378, levelgen mode: deterministic

2 Masnef the Caller (level 1, 12/13 HPs)
             Began as a Barachi Summoner on Oct 31, 2019.
             Quit the game on level 1 of the Dungeon.
             The game lasted 00:01:16 (327 turns).

Masnef the Caller (Barachi Summoner)                 Turns: 327, Time: 00:01:16

Health: 12/13      AC:  2    Str:  9    XL:     1   Next: 30%
Magic:  1/3        EV: 12    Int: 15    God:
Gold:   0          SH:  0    Dex: 12    Spells: 3/4 levels left

rFire    . . .     SeeInvis .   (no weapon)
rCold    . . .     Gourm    .   (no shield)
rNeg     . . .     Faith    .   a - +0 robe
rPois    .         Spirit   .   (no helmet)
rElec    .         Reflect  .   (no cloak)
rCorr    .         Harm     .   (no gloves)
MR       .....                  (no boots)
Stlth    ++........             (no amulet)
HPRegen  0.04/turn              (no ring)
MPRegen  0.08/turn              (no ring)

@: slow
A: +LOS, swims, slowness 1, strong legs 1
a: Hop


You were on level 1 of the Dungeon.
You were not hungry.

You visited 1 branch of the dungeon, and saw 1 of its levels.

Inventory:

Armour
 a - a +0 robe (worn)
Potions
 b - 2 potions of cancellation {unknown}
Comestibles
 c - a ration


   Skills:
 + Level 2.1 Dodging
 + Level 1.7 Stealth
 + Level 2.1 Spellcasting
 + Level 5.0 Summonings


You had 3 spell levels left.
You knew the following spells:

 Your Spells              Type           Power        Failure   Level  Hunger
a - Summon Small Mammal   Summ           ###.         2%          1    #......

Your spell library contained the following spells:

 Spells                   Type           Power        Failure   Level  Hunger
 Call Imp                 Summ           ###.....     4%          2    ###....
 Call Canine Familiar     Summ           ###.....     9%          3    ###....
 Summon Guardian Golem    Hex/Summ       #.......     24%         3    ###....
 Summon Ice Beast         Ice/Summ       #.......     61%         4    #####..
 Summon Lightning Spire   Summ/Air       #.......     61%         4    #####..


Dungeon Overview and Level Annotations

Branches:
Dungeon (1/15)

Altars:


Innate Abilities, Weirdness & Mutations

Shadows flee at your approach. (+LOS)
You can swim through water.
You cover ground slowly.
You can hop short distances.


Message History

The frilled lizard barely misses your bat.
Your bat barely misses the frilled lizard.
Your bat hits the plant but does no damage.
Found 5 gold pieces.
You hit the frilled lizard but do no damage.
The frilled lizard is heavily wounded.
Your bat barely misses the frilled lizard.
Your rat closely misses the frilled lizard.
The frilled lizard bites you.
You miss the frilled lizard.
The frilled lizard is heavily wounded.
Your bat hits the frilled lizard.
The frilled lizard dies!
Your Summonings skill increases to level 5!
No target in view!
No target in view!
No target in view!
Quiver which item? (- for none, * to show all) (? for menu, Esc to quit)
Okay, then.
Are you sure you want to abandon this character and quit the game? (Confirm with "yes".) #######..#.#...PP.P.PP.P.PP.P.P #...#.#...PP.PP.PP.PP.PP.P #........#PPP.PP.PPP.PP.PP #..#..#.##PPP.PPP...PPP.PP ..#..#..#.# PPPP..PPPPP..PPP ..........# PPPPPP..<..PPPPP #+##+##..###PPPPPPPPPPPPPPPP

...#.......########......
.?.........@..# #.#####
.......#...r.?# #.#
.......#...b.## #..
.......#....... ...
.......#........# .#.#
.#.... #........# ....
###+# #..........
#.......... ...$........


You could see a friendly bat and a friendly rat.

Vanquished Creatures
  A goblin (D:1)
1 creature vanquished.

Vanquished Creatures (collateral kills)
  A frilled lizard (D:1)
1 creature vanquished.

Grand Total: 2 creatures vanquished

Notes
Turn   | Place    | Note
-------+----------+-------------------------------------------
     0 | D:1      | Masnef the Barachi Summoner began the quest for the Orb.
     0 | D:1      | Reached XP level 1. HP: 13/13 MP: 3/3
   326 | D:1      | Reached skill level 5 in Summonings
   327 | D:1      | Quit the game

Levels and vault maps discovered:
D:1:      roderic_crop_circles_arrival_small, layout_basic, serial_glass,
          glass_columns_b, glass_columns_c, glass_columns_a, glass_columns_c,
          minmay_strange_pillars, due_unseen_surprise, feat_on_display

Skill      XL: |  1 |
---------------+----+-----
Summonings     | 5 |  5.0
Dodging        | |  2.1
Stealth        | |  1.7
Spellcasting   | |  2.1

Action                   || total
-------------------------++-------
Melee: Unarmed           ||    10
 Cast: Summon Small Mamm ||     3
Armor: Robe              ||     1
Dodge: Dodged            ||     3
